TOP OF THE 1ST |
New York (WIN) Mets batting - Pitching for Miami (WIN) Marlins : RHP Pat Proctor
|
Pitching: RHP Pat Proctor
|
|
Batting: LHB Jose Chavez
|
0-0: Ball 1-0: SINGLE (Flyball, 34D, EV 85.0 MPH)
|
Batting: RHB Josh Jones
|
0-0: Ball Jose Chavez steals 2nd base 1-0: Ball 2-0: Ball 3-0: Called Strike 3-1: Ground out 6-3 (Groundball, 6, EV 81.9 MPH) Jose Chavez to third
|
Batting: RHB David Stayton
|
0-0: Ball 1-0: Ball 2-0: Foul Ball, location: 2F 2-1: Ball 3-1: Called Strike 3-2: Strikes out swinging
|
Batting: SHB David Anzaldua
|
0-0: Called Strike 0-1: SINGLE (Flyball, 8LS, EV 95.0 MPH) - OUT at second base trying to stretch hit. Jose Chavez scores
|
Top of the 1st over - 1 run, 2 hits, 0 errors, 0 left on base; New York (WIN) 1 - Miami (WIN) 0 |
BOTTOM OF THE 1ST |
Miami (WIN) Marlins batting - Pitching for New York (WIN) Mets : LHP Jonathan Gendron
|
Pitching: LHP Jonathan Gendron
|
|
Batting: RHB Gavin Helton
|
0-0: Ball 1-0: Ball 2-0: Foul Ball, location: 2F 2-1: Foul Ball, location: 2F 2-2: Ball 3-2: Reached on error, E5 (Groundball, 56S, EV 71.2 MPH)
|
Batting: RHB Boof Howell
|
0-0: Ball 1-0: Foul Ball, location: 2F 1-1: Ball Gavin Helton steals 2nd base 2-1: Foul Ball, location: 2F 2-2: Ball 3-2: Strikes out looking
|
Batting: RHB Mike Gar
|
0-0: Ball 1-0: Ground out 6-3 (Groundball, 6, EV 77.5 MPH) Gavin Helton to third
|
Batting: RHB Rick Fell
|
0-0: Called Strike 0-1: Ball 1-1: Foul Ball, location: 2F 1-2: Foul Ball, location: 2F 1-2: Ball 2-2: Foul Ball, location: 2F 2-2: Strikes out looking
|
Bottom of the 1st over - 0 runs, 0 hits, 1 error, 1 left on base; New York (WIN) 1 - Miami (WIN) 0 |
TOP OF THE 2ND |
New York (WIN) Mets batting - Pitching for Miami (WIN) Marlins : RHP Pat Proctor
|
Batting: LHB Elmo Dreier
|
0-0: Ball 1-0: Foul Ball, location: 2F 1-1: Foul Ball, location: 2F 1-2: Foul Ball, location: 2F 1-2: Foul Ball, location: 2F 1-2: Ball 2-2: Strikes out swinging
|
Batting: LHB Robbie Beerbower
|
0-0: Ball 1-0: Foul Ball, location: 2F 1-1: Ground out U3 (Groundball, 13, EV 88.8 MPH)
|
Batting: RHB Hugo Valentin
|
0-0: Swinging Strike 0-1: Called Strike 0-2: Ball 1-2: Ball 2-2: Strikes out looking
|
Top of the 2nd over - 0 runs, 0 hits, 0 errors, 0 left on base; New York (WIN) 1 - Miami (WIN) 0 |
BOTTOM OF THE 2ND |
Miami (WIN) Marlins batting - Pitching for New York (WIN) Mets : LHP Jonathan Gendron
|
Batting: RHB Tony Stedman
|
0-0: Called Strike 0-1: Foul Ball, location: 2F 0-2: Ball 1-2: Ball 2-2: Strikes out swinging
|
Batting: RHB Torquato Obawole
|
0-0: Swinging Strike 0-1: Swinging Strike 0-2: Ball 1-2: Strikes out swinging
|
Batting: LHB David Doge
|
0-0: Foul Ball, location: 2F 0-1: Ground out U3 (Groundball, 34, EV 109.4 MPH)
|
Bottom of the 2nd over - 0 runs, 0 hits, 0 errors, 0 left on base; New York (WIN) 1 - Miami (WIN) 0 |
TOP OF THE 3RD |
New York (WIN) Mets batting - Pitching for Miami (WIN) Marlins : RHP Pat Proctor
|
Batting: RHB Bryan Dorne
|
0-0: Called Strike 0-1: Ball 1-1: Ball 2-1: Foul Ball, location: 2F 2-2: Foul Ball, location: 2F 2-2: Strikes out swinging
|
Batting: LHB Ryan Price
|
0-0: Ball 1-0: Ball 2-0: Ground out 1-3 (Groundball, 34S, EV 63.1 MPH)
|
Batting: LHB Jose Chavez
|
0-0: Ball 1-0: Ball 2-0: Called Strike 2-1: Ball 3-1: Ground out 4-3 (Groundball, 34D, EV 100.0 MPH)
|
Top of the 3rd over - 0 runs, 0 hits, 0 errors, 0 left on base; New York (WIN) 1 - Miami (WIN) 0 |
BOTTOM OF THE 3RD |
Miami (WIN) Marlins batting - Pitching for New York (WIN) Mets : LHP Jonathan Gendron
|
Batting: RHB Willie Chavez
|
0-0: Called Strike 0-1: Ball 1-1: Foul Ball, location: 2F 1-2: Foul Ball, location: 2F 1-2: Ball 2-2: Strikes out swinging
|
Batting: RHB John Jackson
|
0-0: Called Strike 0-1: Called Strike 0-2: Strikes out swinging
|
Batting: RHB Gavin Helton
|
0-0: Ball 1-0: Called Strike 1-1: Foul Ball, location: 2F 1-2: Ball 2-2: Ball 3-2: Ground out 6-3 (Groundball, 6, EV 82.5 MPH)
|
Bottom of the 3rd over - 0 runs, 0 hits, 0 errors, 0 left on base; New York (WIN) 1 - Miami (WIN) 0 |
TOP OF THE 4TH |
New York (WIN) Mets batting - Pitching for Miami (WIN) Marlins : RHP Pat Proctor
|
Batting: RHB Josh Jones
|
0-0: Swinging Strike 0-1: Foul Ball, location: 2F 0-2: Ball 1-2: Ball 2-2: Foul Ball, location: 2F 2-2: Ball 3-2: Foul Ball, location: 2F 3-2: Base on Balls
|
Batting: RHB David Stayton
|
0-0: Ball 1-0: SINGLE (Groundball, 6D, EV 98.8 MPH) Josh Jones to second
|
Batting: SHB David Anzaldua
|
0-0: Called Strike 0-1: Ball 1-1: SINGLE (Groundball, 4D, EV 111.9 MPH) Josh Jones to third David Stayton to second
|
Batting: LHB Elmo Dreier
|
0-0: SINGLE (Flyball, 8RS, EV 93.1 MPH) Josh Jones scores David Stayton to third David Anzaldua to second
|
Batting: LHB Robbie Beerbower
|
0-0: Ball 1-0: Foul Ball, location: 2F 1-1: Ball 2-1: Foul Ball, location: 2F 2-2: Foul Ball, location: 2F 2-2: Fly out, F8 (Flyball, 8RD, EV 100.6 MPH) Runner from 3rd tags up, SCORES, throw by CF
|
Batting: RHB Hugo Valentin
|
0-0: Called Strike 0-1: Foul Ball, location: 2F 0-2: Strikes out swinging
|
Batting: RHB Bryan Dorne
|
0-0: Ball 1-0: Ball 2-0: Foul Ball, location: 2F 2-1: Swinging Strike 2-2: Strikes out looking
|
Top of the 4th over - 2 runs, 3 hits, 0 errors, 2 left on base; New York (WIN) 3 - Miami (WIN) 0 |
BOTTOM OF THE 4TH |
Miami (WIN) Marlins batting - Pitching for New York (WIN) Mets : LHP Jonathan Gendron
|
Batting: RHB Boof Howell
|
0-0: Called Strike 0-1: Bunted foul 0-2: Ball 1-2: Strikes out swinging passed ball, reaches first!
|
Batting: RHB Mike Gar
|
0-0: Called Strike Boof Howell steals 2nd base (no throw) 0-1: Reached on error, E5 (Groundball, 5, EV 81.9 MPH) Boof Howell to third
|
Batting: RHB Rick Fell
|
0-0: Called Strike Mike Gar steals 2nd base 0-1: Called Strike 0-2: Ball 1-2: Strikes out swinging
|
Batting: RHB Tony Stedman
|
0-0: Called Strike 0-1: Ball 1-1: Foul Ball, location: 2F 1-2: Strikes out looking
|
Batting: RHB Torquato Obawole
|
0-0: Hit by Pitch
|
Batting: LHB David Doge
|
0-0: Called Strike 0-1: Called Strike 0-2: SINGLE (Groundball, 6D, EV 100.0 MPH) Boof Howell scores Mike Gar to third Torquato Obawole to second Runner from 3rd tries for Home, SAFE, throw by LF to home
|
Batting: RHB Willie Chavez
|
0-0: Ball 1-0: Foul Ball, location: 2F 1-1: Reached on error, E5 (Groundball, 5, EV 102.5 MPH) Torquato Obawole to third David Doge to second
|
Batting: RHB John Jackson
|
0-0: SINGLE (Line Drive, 7S, EV 101.9 MPH) Torquato Obawole scores David Doge to third Willie Chavez to second Runner from 3rd tries for Home, SAFE, throw by LF to home
|
Batting: RHB Gavin Helton
|
0-0: Ball 1-0: Called Strike 1-1: Ball 2-1: Ball 3-1: DOUBLE (Flyball, 89D, EV 89.4 MPH) Willie Chavez scores John Jackson to third
|
Batting: RHB Boof Howell
|
0-0: Called Strike 0-1: Foul Ball, location: 2F 0-2: Ball 1-2: Strikes out looking
|
Bottom of the 4th over - 5 runs, 3 hits, 2 errors, 2 left on base; New York (WIN) 3 - Miami (WIN) 5 |
TOP OF THE 5TH |
New York (WIN) Mets batting - Pitching for Miami (WIN) Marlins : RHP Pat Proctor
|
Batting: LHB Ryan Price
|
0-0: Ball 1-0: Swinging Strike 1-1: Swinging Strike 1-2: Ball 2-2: Strikes out looking
|
Batting: LHB Jose Chavez
|
0-0: Ball 1-0: Ball 2-0: Ground out U3 (Groundball, 34S, EV 77.5 MPH)
|
Batting: RHB Josh Jones
|
0-0: Called Strike 0-1: Swinging Strike 0-2: Ball 1-2: Foul Ball, location: 2F 1-2: Foul Ball, location: 2F 1-2: Ball 2-2: Ground out 5-3 (Groundball, 56, EV 110.0 MPH)
|
Top of the 5th over - 0 runs, 0 hits, 0 errors, 0 left on base; New York (WIN) 3 - Miami (WIN) 5 |
BOTTOM OF THE 5TH |
Miami (WIN) Marlins batting - Pitching for New York (WIN) Mets : LHP Jonathan Gendron
|
Batting: RHB Mike Gar
|
0-0: Called Strike 0-1: Called Strike 0-2: Ground out 6-3 (Groundball, 6, EV 103.1 MPH)
|
Batting: RHB Rick Fell
|
0-0: Ball 1-0: Ball 2-0: Foul Ball, location: 2F 2-1: Foul Ball, location: 2F 2-2: Foul Ball, location: 2F 2-2: Foul Ball, location: 2F 2-2: Ball 3-2: Strikes out swinging
|
Batting: RHB Tony Stedman
|
0-0: Called Strike 0-1: Ball 1-1: Ball 2-1: Foul Ball, location: 2F 2-2: Strikes out looking
|
Bottom of the 5th over - 0 runs, 0 hits, 0 errors, 0 left on base; New York (WIN) 3 - Miami (WIN) 5 |
TOP OF THE 6TH |
New York (WIN) Mets batting - Pitching for Miami (WIN) Marlins : RHP Pat Proctor
|
Batting: RHB David Stayton
|
0-0: Called Strike 0-1: Foul Ball, location: 2F 0-2: Strikes out swinging
|
Batting: SHB David Anzaldua
|
0-0: Fly out, F9 (Line Drive, 9, EV 110.0 MPH)
|
Batting: LHB Elmo Dreier
|
0-0: Called Strike 0-1: Foul Ball, location: 2F 0-2: Ball 1-2: Ground out 6-3 (Groundball, 6M, EV 93.8 MPH)
|
Top of the 6th over - 0 runs, 0 hits, 0 errors, 0 left on base; New York (WIN) 3 - Miami (WIN) 5 |
BOTTOM OF THE 6TH |
Miami (WIN) Marlins batting - Pitching for New York (WIN) Mets : LHP Jonathan Gendron
|
Batting: RHB Torquato Obawole
|
0-0: Swinging Strike 0-1: Swinging Strike 0-2: Foul Ball, location: 2F 0-2: Ball 1-2: Strikes out looking
|
Batting: LHB David Doge
|
0-0: Ball 1-0: Ball 2-0: Ground out 6-3 (Groundball, 6D, EV 107.5 MPH)
|
Batting: RHB Willie Chavez
|
0-0: Ball 1-0: Foul Ball, location: 2F 1-1: Ball 2-1: Swinging Strike 2-2: Foul Ball, location: 2F 2-2: Fly out, F7 (Flyball, 78M, EV 87.5 MPH)
|
Bottom of the 6th over - 0 runs, 0 hits, 0 errors, 0 left on base; New York (WIN) 3 - Miami (WIN) 5 |
TOP OF THE 7TH |
New York (WIN) Mets batting - Pitching for Miami (WIN) Marlins : RHP Pat Proctor
|
Pitching: LHP Geoff Goss
|
|
Batting: LHB Robbie Beerbower
|
0-0: Called Strike 0-1: Swinging Strike 0-2: Ball 1-2: Strikes out swinging
|
Batting: RHB Hugo Valentin
|
0-0: Called Strike 0-1: Ground out 4-3 (Groundball, 4, EV 98.1 MPH)
|
Batting: RHB Bryan Dorne
|
0-0: Swinging Strike 0-1: Ball 1-1: Ball 2-1: Foul Ball, location: 2F 2-2: Foul Ball, location: 2F 2-2: Strikes out swinging
|
Top of the 7th over - 0 runs, 0 hits, 0 errors, 0 left on base; New York (WIN) 3 - Miami (WIN) 5 |
BOTTOM OF THE 7TH |
Miami (WIN) Marlins batting - Pitching for New York (WIN) Mets : LHP Jonathan Gendron
|
Pitching: RHP Matt Bennett
|
|
Batting: RHB John Jackson
|
0-0: SOLO HOME RUN (Flyball, 7LD, EV 93.8 MPH), Distance : 354 ft
|
Batting: RHB Gavin Helton
|
0-0: Ground out 3-1 (Groundball, 34, EV 81.9 MPH)
|
Batting: RHB Boof Howell
|
0-0: Called Strike 0-1: Ball 1-1: Ball 2-1: Foul Ball, location: 2F 2-2: Foul Ball, location: 2F 2-2: Ball 3-2: Base on Balls
|
Batting: RHB Mike Gar
|
0-0: Ball 1-0: Foul Ball, location: 2F 1-1: Foul Ball, location: 2F 1-2: Strikes out looking
|
Batting: RHB Rick Fell
|
0-0: Called Strike 0-1: Called Strike 0-2: Ball 1-2: SINGLE (Flyball, 9LM, EV 84.4 MPH) Boof Howell to second Runner from 2nd tries for 3rd, SAFE, throw by RF made to third Rick Fell to second
|
Batting: RHB Tony Stedman
|
0-0: 3-RUN HOME RUN (Flyball, 78XD, EV 105.0 MPH), Distance : 409 ft
|
Pitching: RHP Battista Aldobrandini
|
|
Batting: RHB Torquato Obawole
|
0-0: Ball 1-0: Foul Ball, location: 2F 1-1: Foul Ball, location: 2F 1-2: Foul Ball, location: 2F 1-2: Foul Ball, location: 2F 1-2: Ball 2-2: Foul Ball, location: 2F 2-2: Strikes out swinging
|
Bottom of the 7th over - 4 runs, 3 hits, 0 errors, 0 left on base; New York (WIN) 3 - Miami (WIN) 9 |
TOP OF THE 8TH |
New York (WIN) Mets batting - Pitching for Miami (WIN) Marlins : LHP Geoff Goss
|
Batting: LHB Ryan Price
|
0-0: Ball 1-0: Called Strike 1-1: Foul Ball, location: 2F 1-2: Ball 2-2: Strikes out swinging
|
Batting: LHB Jose Chavez
|
0-0: Ball 1-0: TRIPLE (Flyball, 89XD, EV 106.2 MPH)
|
Batting: RHB Josh Jones
|
0-0: Ball 1-0: SINGLE (Groundball, 25, EV 67.5 MPH) (infield hit)
|
Batting: RHB David Stayton
|
0-0: Called Strike 0-1: Swinging Strike 0-2: Ball 1-2: Grounds into double play, 5-4-3 (Groundball, 56, EV 103.1 MPH)
|
Top of the 8th over - 0 runs, 2 hits, 0 errors, 1 left on base; New York (WIN) 3 - Miami (WIN) 9 |
BOTTOM OF THE 8TH |
Miami (WIN) Marlins batting - Pitching for New York (WIN) Mets : RHP Battista Aldobrandini
|
Batting: LHB David Doge
|
0-0: Called Strike 0-1: Called Strike 0-2: Ball 1-2: Strikes out swinging
|
Batting: RHB Willie Chavez
|
0-0: Foul Ball, location: 2F 0-1: Ball 1-1: Ball 2-1: Ball 3-1: Fly out, F4 (Popup, 4M, EV 56.9 MPH)
|
Batting: RHB John Jackson
|
0-0: Ball 1-0: Called Strike 1-1: Reached on error, E5 (Groundball, 5S, EV 73.1 MPH)
|
Batting: RHB Gavin Helton
|
0-0: Ball 1-0: Ball 2-0: Foul Ball, location: 2F 2-1: Called Strike 2-2: Strikes out swinging
|
Bottom of the 8th over - 0 runs, 0 hits, 1 error, 1 left on base; New York (WIN) 3 - Miami (WIN) 9 |
TOP OF THE 9TH |
New York (WIN) Mets batting - Pitching for Miami (WIN) Marlins : LHP Geoff Goss
|
Batting: SHB David Anzaldua
|
0-0: Foul Ball, location: 2F 0-1: Ball 1-1: Swinging Strike 1-2: Foul Ball, location: 2F 1-2: Strikes out looking
|
Batting: LHB Elmo Dreier
|
0-0: Ground out 4-3 (Groundball, 4, EV 88.1 MPH)
|
Batting: LHB Robbie Beerbower
|
0-0: Ball 1-0: Foul Ball, location: 2F 1-1: Ball 2-1: Called Strike 2-2: Strikes out swinging
|
Top of the 9th over - 0 runs, 0 hits, 0 errors, 0 left on base; New York (WIN) 3 - Miami (WIN) 9 |
|